 Dungeon Crawl Stone Soup version 0.28-a0-1506-g3893175d92 (webtiles) character file.

Game seed: 3244254263032203362

2 porpoise the Insei (level 1, -1/15 HPs)
             Began as a Demonspawn Transmuter on Jan 14, 2022.
             Slain by a ball python (2 damage)
             ... on level 1 of the Dungeon.
             The game lasted 00:00:49 (361 turns).

porpoise the Insei (Demonspawn Transmuter)           Turns: 361, Time: 00:00:50

Health: -1/15      AC:  2    Str: 10    XL:     1   Next: 33%
Magic:  2/3        EV:  9    Int: 14    God:
Gold:   8          SH:  0    Dex: 13    Spells: 3/4 levels left

rFire   . . .      SeeInvis .     - Unarmed
rCold   . . .      Faith    .   (no shield)
rNeg    . . .      Spirit   .   a - +0 robe
rPois   .          Reflect  .   (helmet currently unavailable)
rElec   .          Harm     .   (no cloak)
rCorr   .          Rampage  .   (no gloves)
Will    .....                   (boots currently unavailable)
Stlth   +.........              (no amulet)
HPRegen 0.05/turn               (no ring)
MPRegen 0.08/turn               (no ring)

@: appendages (expiring), constricted
A: horns 2, talons 2
a: End Transformation


You were on level 1 of the Dungeon.
You had temporarily grown beastly horns and talons.
You visited 1 branch of the dungeon, and saw 1 of its levels.

You collected 8 gold pieces.

Inventory:

Missiles
 b - 12 sling bullets
Armour
 a - a +0 robe (worn)


   Skills:
 * Level 1.1 Fighting
 - Level 1.7 Dodging
 + Level 0.1 Stealth
 * Level 2.7 Unarmed Combat
 - Level 2.0 Spellcasting
 - Level 1.7 Transmutations


You had 3 spell levels left.
You knew the following spells:

 Your Spells              Type           Power      Damage    Failure   Level
a - Beastly Appendage     Tmut           12%        N/A       12%         1

Your spell library contained the following spells:

 Spells                   Type           Power      Damage    Failure   Level
 Wereblood                Tmut           6%         N/A       17%         2
 Spider Form              Tmut/Pois      3%         N/A       45%         3
 Ice Form                 Ice/Tmut       3%         N/A       86%         4


Dungeon Overview and Level Annotations

Branches:
Dungeon (1/15)

Altars:


Innate Abilities, Weirdness & Mutations

You have temporarily grown beastly horns and talons.


Message History

Your transformation is almost over.
You start resting.
Your magical contamination has completely faded away.
You start resting.
Your horns disappear.
Your talons disappear.
You start resting.
Magic restored.
You start resting.
HP restored.
Found a stone staircase leading down.
You see here a hobgoblin corpse.
Found a mace.
You now have 8 gold pieces.
A ball python comes into view.
Casting: Beastly Appendage (safe; 12% risk of failure)
Confirm with . or Enter, or press ? or * to list all spells.
You grow a pair of large bovine horns.
Your feet morph into talons.
The ball python hisses angrily.
A gnoll comes into view. It is wielding a +0 spear.
The ball python barely misses you. The ball python grabs you.
The ball python constricts you.
You barely miss the ball python.
The gnoll shouts!
The ball python bites you. The ball python constricts you.
You closely miss the ball python.
You claw the ball python, but do no damage.
Your headbutt misses the ball python.
The gnoll hits you from afar with a +0 spear.
The ball python barely misses you. The ball python constricts you.
You barely miss the ball python. Your kick misses the ball python.
Your transformation is almost over.
The ball python barely misses you. The ball python constricts you.
The gnoll hits you from afar with a +0 spear!
* * * LOW HITPOINT WARNING * * *
You are too injured to fight recklessly!
You are too injured to fight recklessly!
You closely miss the ball python. You claw the ball python.
The ball python is moderately wounded.
The ball python bites you.
You die...

#####+ #.....
#.... #####....
.......g#+#####
.......S.......
#@..# #...#
#.#.# #.#.##
#.#..# ..#..##
###...# #.#.#
#.#.##


You could see a gnoll and a ball python.

Vanquished Creatures
  A hobgoblin (D:1)
  A kobold (D:1)
  A rat (D:1)
3 creatures vanquished.

Notes
Turn   | Place    | Note
-------+----------+-------------------------------------------
     0 | D:1      | porpoise the Demonspawn Transmuter began the quest for the
                  | Orb.
     0 | D:1      | Reached XP level 1. HP: 15/15 MP: 3/3
   361 | D:1      | Slain by a ball python

Illustrated notes

Levels and vault maps discovered:
D:1:      scummos_arrival_simple_fountains, layout_basic, corner_web_ring

Action                   || total
-------------------------++-------
Melee: Unarmed           ||    12
       Kick              ||     3
 Cast: Beastly Appendage ||     4
Armor: Robe              ||     2
Dodge: Dodged            ||     5

Table legend: (Time is in decaauts)
 A = Elapsed time spent in this place.
 B = Non-inter-level travel time spent in this place.
 C = Inter-level travel time spent in this place.
 D = Time resting spent in this place.
 E = Time spent auto-exploring this place.
 F = Levels seen in this place.
 G = Mean time per level.
                   A        B        C        D        E       F      G
               +--------+--------+--------+--------+--------+-----+--------+
         Total |    360 |    360 |      0 |    218 |    110 |   1 |  360.0 |
       Dungeon |    360 |    360 |      0 |    218 |    110 |   1 |  360.0 |
               +--------+--------+--------+--------+--------+-----+--------+

Top non-repeatable levels by time:
     D:1: 360 daAuts
